 Dungeon Crawl Stone Soup version 0.16.0-12-g7215832 (webtiles) character file.

132 maniek23 the Charmwright (level 4, 0/34 HPs)
             Began as a Vampire Skald on Mar 18, 2015.
             Slain by Purgy (3 damage)
             ... in a sewer.
             The game lasted 00:08:32 (2017 turns).

maniek23 the Charmwright (Vampire Skald)            Turns: 2017, Time: 00:08:32

Health: 0/34       AC:  4    Str: 12    XL:     4   Next: 92%
Magic:  5/7        EV: 12    Int: 14    God:
Gold:   124        SH:  0    Dex: 13    Spells: 2 memorised, 4 levels left

rFire  . . .     SeeInvis +     o - +0 rapier
rCold  . . .     Clarity  .     f - +0 robe (curse)
rNeg   + . .     SustAb   .     (no shield)
rPois  .         Gourm    .     (no helmet)
rElec  .         Spirit   .     l - +1 cloak {MR+}
rCorr  .         Warding  .     (no gloves)
rMut   .         Stasis   .     (no boots)
MR     +....                    (no amulet)
Stlth  ++........               (no ring)
                                (no ring)

@: somewhat resistant to hostile enchantments, unstealthy
A: bottle blood, fangs 3, see invisible, unbreathing
a: Bat Form


You were in a sewer.
You were not thirsty.

You visited 1 branch of the dungeon, and saw 3 of its levels.
You also visited: Sewer.

You collected 124 gold pieces.

Inventory:

Hand weapons
 a - a +0 short sword
 o - a +0 rapier (weapon)
Armour
 b - a +0 leather armour
 f - a cursed +0 robe (worn)
 i - a +0 cloak
 l - a +1 cloak of magic resistance (worn)
Scrolls
 e - a scroll of enchant weapon {unknown}
 j - a scroll of enchant armour {unknown}
 n - a scroll of identify {unknown}
 p - a scroll of blinking {unknown}
Potions
 d - 14 potions of blood
 g - a potion of curing {unknown}
 h - a potion of decay {unknown}
 k - 3 potions of haste {unknown}
 m - a potion of magic {unknown}
 q - a potion of mutation {unknown}
 r - a potion of agility {unknown}
Books
 c - a book of Battle

   Spells                             Type                      Level
   a - Infusion                       Charms                       1
   b - Shroud of Golubria             Charms/Translocation         2
   c - Song of Slaying                Charms                       2
   d - Spectral Weapon                Hexes/Charms                 3
   e - Regeneration                   Charms/Necromancy            3


   Skills:
 + Level 2.5 Fighting
 + Level 3.0 Short Blades
 + Level 1.1 Armour
 + Level 2.4 Dodging
 + Level 1.9 Stealth
 + Level 2.1 Spellcasting
 + Level 4.1 Charms
 + Level 0.2 Translocations


You had 4 spell levels left.
You knew the following spells:

 Your Spells              Type           Power        Failure   Level  Hunger
a - Infusion              Chrm           ##....       4%          1    ##.....
b - Shroud of Golubria    Chrm/Tloc      #.........   17%         2    ###....


Dungeon Overview and Level Annotations

Branches:
Dungeon (3/15)

Altars:

Annotations:
D:3 Sigmund Sewer Purgy


Innate Abilities, Weirdness & Mutations

You can bottle blood from corpses.
You have razor-sharp teeth.
You have supernaturally acute eyesight.
You can survive without breathing.


Message History

* * * LOW HITPOINT WARNING * * *
You are too injured to fight recklessly!
You are too injured to fight recklessly!
Casting: Shroud of Golubria
Confirm with . or Enter, or press ? or * to list all spells.
Space distorts slightly along a thin shroud covering your body.
Purgy bites you but does no damage. Purgy claws you but does no damage.
Purgy claws you.
* * * LOW HITPOINT WARNING * * *
Your shroud falls apart!
You enter the shallow water.
Moving in this stuff is going to be slow.
There is an empty arch of ancient stone here.
Purgy bites you.
* * * LOW HITPOINT WARNING * * *
Purgy barely misses you. Purgy claws you.
* * * LOW HITPOINT WARNING * * *
There is a gate leading back out of this place here.
Purgy bites you but does no damage. Purgy claws you.
You die...

#####################
#.##.##.##@##.##(##.#
#.##.##.##T##.##.##.#
#'##'##'##.##'##)##'#
#######...................#######
≈≈≈≈≈≈#≈≈≈≈≈≈≈≈≈.≈≈≈≈≈≈≈≈≈#≈≈≈≈≈≈
≈≈≈≈≈≈#≈≈≈≈≈≈≈≈≈∩≈≈≈≈≈≈≈≈≈#≈≈≈≈≈≈
≈≈≈≈≈≈#≈≈≈≈≈≈≈≈≈.≈≈≈≈≈≈≈≈≈#≈≈≈≈≈≈
#######...................#######
#+##+##+##'##'##+##+#


You could see Purgy.

Vanquished Creatures
  A hound zombie (D:3)
  2 adders (D:2)
  2 giant mites
  5 worms
  2 giant geckos (D:3)
  An orc (D:3)
  7 goblins
  4 hobgoblins
  A quokka (D:2)
  A ball python (D:1)
  8 bats
  3 giant cockroaches
  7 giant newts
  8 kobolds
  8 rats
60 creatures vanquished.

Notes
Turn   | Place    | Note
--------------------------------------------------------------
     0 | D:1      | maniek23, the Vampire Skald, began the quest for the Orb.
     0 | D:1      | Reached XP level 1. HP: 16/16 MP: 3/3
   210 | D:1      | Reached XP level 2. HP: 16/22 MP: 4/4
   425 | D:1      | Reached skill level 1 in Armour
   524 | D:1      | Learned a level 2 spell: Shroud of Golubria
   815 | D:2      | Reached skill level 4 in Charms
   815 | D:2      | Reached XP level 3. HP: 20/27 MP: 6/6
   900 | D:2      | Reached skill level 1 in Stealth
  1026 | D:2      | Reached XP level 4. HP: 21/34 MP: 7/7
  1462 | D:3      | Noticed Sigmund
  1877 | D:3      | Found a glowing drain.
  1883 | Sewer    | Entered a sewer
  1999 | Sewer    | Noticed Purgy
  2017 | Sewer    | Slain by Purgy

Action                   |  1- 3 |  4- 6 || total
-------------------------+-------+-------++-------
Melee: Short sword       |   106 |    10 ||   116
       Rapier            |       |    69 ||    69
 Cast: Shroud of Golubri |     1 |     2 ||     3
 Abil: End Transformatio |       |     1 ||     1
       Bat Form          |       |     1 ||     1
  Use: Potion            |       |     1 ||     1
 Stab: Sleeping          |     1 |     3 ||     4
  Eat: Corpse            |       |     2 ||     2
